 Dungeon Crawl Stone Soup version 0.29.0-11-gd7f09526c8 (webtiles) character file.

Game seed: 5135162957563254941

67379 Zonian the Pandemonic (level 14, -3/115 HPs)
             Began as a Demonspawn Ice Elementalist on Sept 4, 2022.
             Was a High Priest of Makhleb.
             Hit by a large rock thrown by a cyclops (5 damage)
             ... while petrified by Jorgrun
             ... on level 13 of the Dungeon.
             The game lasted 01:16:52 (38791 turns).

Zonian the Pandemonic (DsIE)                       Turns: 38791, Time: 01:16:52

Health: -3/115     AC: 21    Str: 14    XL:     14   Next: 82%
Magic:  19/25      EV:  2    Int: 21    God:    Makhleb [*****.]
Gold:   1565       SH:  0    Dex: 15    Spells: 9/25 levels left

rFire   . . .      SeeInvis .   H - +2 rapier (drain)
rCold   . . .      Faith    .   K - +2 buckler
rNeg    + + +      Spirit   .   N - +3 leather armour {rPois}
rPois   ∞          Reflect  +   S - +1 helmet
rElec   .          Harm     .   y - +0 cloak
rCorr   .          Rampage  .   l - +0 pair of gloves
Will    +....                   (no boots)
Stlth   ++........              k - amulet of reflection
HPRegen 0.29/turn               Y - +4 ring of protection
MPRegen 0.19/turn               I - +6 ring of strength

@: ice-armoured, petrified, animating dead
A: molten scales 1, spiny 1, demonic magic 2, weakness stinger 2
a: Renounce Religion, Minor Destruction, Lesser Servant of Makhleb, Major
Destruction, Greater Servant of Makhleb


You were on level 13 of the Dungeon.
You worshipped Makhleb.
Makhleb was extremely pleased with you.
You visited 3 branches of the dungeon, and saw 19 of its levels.

You collected 1565 gold pieces.

Inventory:

Hand Weapons
 g - a +2 vorpal short sword
 E - a +3 dagger of electrocution
 H - a +2 rapier of draining (weapon)
 J - a +5 long sword
Missiles
 i - 35 poisoned darts
 C - 4 throwing nets
 D - 12 javelins
Armour
 l - a +0 pair of gloves (worn)
 t - an orb of energy
 y - a +0 cloak (worn)
 K - a +2 buckler (worn)
 N - a +3 leather armour of poison resistance (worn)
 R - the +5 scale mail "Lietranu" {rPois Int+5}
   (You found it on level 10 of the Dungeon)

   Int:       It affects your intelligence (+5).
   rPois:     It protects you from poison.
 S - a +1 helmet (worn)
Jewellery
 k - an amulet of reflection (around neck)
 u - an amulet of magic regeneration
 I - a +6 ring of strength (right hand)
 L - a ring of protection from fire
 U - a ring of flight
 Y - a +4 ring of protection (left hand)
Wands
 d - a wand of flame (32)
 f - a wand of acid (3)
 m - a wand of polymorph (6)
 F - a wand of paralysis (7)
 X - a wand of iceblast (1)
Scrolls
 c - 2 scrolls of fear
 n - 3 scrolls of amnesia
 s - 6 scrolls of magic mapping
 B - a scroll of fog
 M - a scroll of vulnerability
 P - 4 scrolls of poison
 Q - 3 scrolls of teleportation
 T - a scroll of brand weapon
 V - 5 scrolls of identify
 W - a scroll of summoning
 Z - a scroll of blinking
Potions
 b - 4 potions of magic
 e - a potion of might
 h - 4 potions of resistance
 j - a potion of ambrosia
 o - 2 potions of lignification
 p - 2 potions of cancellation
 q - 8 potions of mutation
 r - a potion of berserk rage
 v - 2 potions of flight
 w - 2 potions of brilliance
 x - a potion of haste
 z - 4 potions of curing
 A - a potion of invisibility
 O - a potion of attraction
Miscellaneous
 G - a phantom mirror (inert)


   Skills:
 - Level 12.0 Fighting
 + Level 12.7 Short Blades
 - Level 2.2 Dodging
 - Level 2.3 Stealth
 - Level 4.0 Shields
 - Level 6.3 Spellcasting
 - Level 12.0 Necromancy
 - Level 7.1 Ice Magic
 + Level 4.4 Earth Magic
 - Level 15.0 Invocations


You had 9 spell levels left.
You knew the following spells:

 Your Spells              Type           Power      Damage    Failure   Level
a - Freeze                Ice            100%       1d11      1%          1
b - Frozen Ramparts       Ice            72%        1d11      2%          3
c - Ozocubu's Armour      Ice            36%        N/A       2%          3
d - Animate Dead          Necr           54%        N/A       1%          4
e - Borgnjor's Vile Clut  Necr/Erth      20%        N/A       16%         5

Your spell library contained the following spells:

 Spells                   Type           Power      Damage    Failure   Level
 Sublimation of Blood     Necr           54%        N/A       1%          2
 Sandblast                Erth           50%        2d12      2%          1
 Ensorcelled Hibernation  Hex/Ice        42%        N/A       5%          2
 Passwall                 Tmut/Erth      12%        N/A       10%         2
 Beastly Appendage        Tmut           12%        N/A       16%         1
 Magic Dart               Conj           24%        1d4       16%         1
 Summon Small Mammal      Summ           24%        N/A       16%         1
 Stone Arrow              Conj/Erth      30%        3d8       19%         3
 Death Channel            Necr           27%        N/A       19%         6
 Poisonous Vapours        Pois/Air       12%        N/A       24%         2
 Searing Ray              Conj           12%        2d4       24%         2
 Wereblood                Tmut           6%         N/A       24%         2
 Corpse Rot               Necr/Pois/Air  23%        N/A       30%         4
 Hailstorm                Conj/Ice       21%        3d6       36%         4
 Ice Form                 Ice/Tmut       21%        N/A       36%         4
 Summon Ice Beast         Ice/Summ       21%        N/A       36%         4
 Call Canine Familiar     Summ           6%         N/A       43%         3
 Dazzling Flash           Conj/Hex       12%        N/A       43%         3
 Portal Projectile        Hex/Tloc       12%        N/A       43%         3
 Spider Form              Tmut/Pois      6%         N/A       43%         3
 Summon Guardian Golem    Hex/Summ       6%         N/A       43%         3
 Swiftness                Air            6%         N/A       43%         3
 Tukima's Dance           Hex            6%         N/A       43%         3
 Simulacrum               Ice/Necr       23%        N/A       43%         6
 Leda's Liquefaction      Hex/Erth       7%         N/A       54%         4
 Petrify                  Tmut/Erth      15%        N/A       54%         4
 Metabolic Englaciation   Hex/Ice        10%        N/A       71%         5
 Cause Fear               Hex            3%         N/A       85%         4
 Fulminant Prism          Conj/Hex       3%         3d6       85%         4
 Iskenderun's Mystic Bla  Conj/Tloc      6%         2d4       85%         4
 Blade Hands              Tmut           3%         N/A       99%         5
 Starburst                Conj/Fire      3%         6d3       100%        6
 Statue Form              Tmut/Erth      10%        N/A       100%        6
 Summon Hydra             Summ           3%         N/A       100%        7


Dungeon Overview and Level Annotations

Branches:
Dungeon (13/15)            Temple (1/1) D:6            Lair (5/5) D:11
 Shoals (0/4) Lair:2       Spider (0/4) Lair:2        Slime (0/5) Lair:5
    Orc (0/2) D:11         Vaults (0/5) D:13

Altars:
Ashenzari
Cheibriados
Dithmenos
Fedhas
Gozag
Hepliaklqana
Kikubaaqudgha
Makhleb
Nemelex Xobeh
Okawaru
Qazlal
Ru
Sif Muna
Trog
Uskayaw
Vehumet
Wu Jian
Xom
Yredelemnul
Jiyva

Shops:
D:8 (   D:12 [

Annotations:
D:6 2 transporters
D:7 Joseph
D:13 Jorgrun


Innate Abilities, Weirdness & Mutations

You are partially covered in molten scales. (AC +2)
You are partially covered in sharp spines.
Spells you cast may paralyse nearby enemies.
You have a tail ending in a sharp stinger.


Message History

The cyclops throws a large rock.
The large rock hits you!
The wall freezes the cyan ugly thing!
Your ogre zombie barely misses the cyan ugly thing.
The frozen ramparts melt away.
Jorgrun shimmers and vanishes!
Jorgrun hits you with a +0 vorpal quarterstaff.
The cyan ugly thing bites you but does no damage.
Jorgrun is struck by your spines.
Jorgrun hits you with a +0 vorpal quarterstaff!
* * * LOW HITPOINT WARNING * * *
Your ogre zombie hits the cyan ugly thing!
The cyan ugly thing bites you but does no damage.
Jorgrun hits you with a +0 vorpal quarterstaff.
* * * LOW HITPOINT WARNING * * *
The cyan ugly thing bites you but does no damage.
Jorgrun is struck by your spines.
Jorgrun hits you with a +0 vorpal quarterstaff.
* * * LOW HITPOINT WARNING * * *
Your ogre zombie barely misses the cyan ugly thing.
The cyan ugly thing bites you!
* * * LOW HITPOINT WARNING * * *
The cyan ugly thing shocks you!
* * * LOW HITPOINT WARNING * * *
The cyclops throws a large rock.
The large rock closely misses your neqoxec.
The large rock hits you!
* * * LOW HITPOINT WARNING * * *
Jorgrun is struck by your spines.
Jorgrun hits you with a +0 vorpal quarterstaff!
* * * LOW HITPOINT WARNING * * *
x2 The cyan ugly thing bites you but does no damage.
Your ogre zombie completely misses the cyan ugly thing.
Jorgrun hits you with a +0 vorpal quarterstaff.
* * * LOW HITPOINT WARNING * * *
The cyan ugly thing bites you but does no damage.
Jorgrun points at you and mumbles some strange words.
The cyan ugly thing bites you but does no damage.
The cyclops throws a large rock.
The large rock misses your neqoxec. The large rock hits you!
You die...

...# ##.##.####...
....##.......#....
#.............#...
.......<.###.#........
......#.###...........
.....#................ ....
##......##..#....
....##<....Z###...#...
..........C3@u.#...#..
...........)Zg........
......................#
...#...#................
...................[....
.................:.......
...............^.........
....#....................
...##...............#.#....


You could see Jorgrun, a cyan ugly thing (ally target), a cyclops, a friendly
neqoxec (summoned), a friendly ogre zombie and the friendly Lodul the ogre
zombie.

Vanquished Creatures
  A quicksilver ooze (Lair:5)
  An ice dragon (Lair:5)
  8 hydras
  2 boulder beetles
  A two-headed ogre (D:9)
  2 dancing weapons (D:13)
  13 death yaks
  Urug (Lair:4)
  Lodul (D:13)
  2 lindwurms (Lair:5)
  2 wolf spiders (Lair:5)
  3 deep elf pyromancers
  An oklob plant (D:11)
  3 cyclopes
  2 ugly things (D:13)
  10 black mambas
  A guardian serpent (Lair:5)
  13 elephants
  6 torpor snails
  A gargoyle (D:11)
  15 cane toads
  2 unseen horrors
  11 komodo dragons
  3 kobold demonologists
  2 rime drakes
  2 trolls
  2 polar bears
  11 hornets
  3 tyrant leeches (Lair:5)
  5 dream sheep (Lair:5)
  6 blink frogs
  3 slime creatures
  16 wyverns
  A shadow (D:11)
  42 yaks
  2 wraiths (D:9)
  3 basilisks
  A vampire mosquito (D:9)
  3 steam dragons
  Menkaure (D:6)
  A redback (Lair:5)
  14 water moccasins
  An acid dragon (D:8)
  4 orc warriors
  3 black bears
  2 ice beasts
  6 ogres
  11 centaurs
  9 bullfrogs
  3 kobold brigands
  4 gnoll sergeants
  3 necrophages
  A scorpion (D:5)
  5 wights (D:9)
  15 killer bees
  2 howler monkeys
  3 hounds (D:5)
  6 jellies
  7 orc priests
  2 iguanas
  11 orc wizards
  7 adders
  14 gnolls
  2 shadow imps
  2 white imps
  An ufetubus (D:5)
  2 worms (D:2)
  3 dart slugs
  28 orcs
  7 ball pythons
  4 endoplasms
  4 giant cockroaches
  10 hobgoblins
  3 jackals (D:2)
  15 kobolds
  6 quokkas
  3 bats
  3 frilled lizards
  3 goblins
  2 rats
440 creatures vanquished.

Vanquished Creatures (collateral kills)
  A two-headed ogre (D:11)
  A cyclops (D:12)
  An ugly thing (D:12)
  A black mamba (Lair:5)
  4 vampire mosquitoes (D:12)
  A water moccasin (Lair:5)
  An ogre (D:13)
  3 kobold brigands (D:12)
  An orc (D:11)
14 creatures vanquished.

Vanquished Creatures (others)
  A polar bear zombie (Lair:5)
  3 ogre zombies (D:13)
  A bush (D:5)
  25 fungi
  90 plants
120 creatures vanquished.

Grand Total: 574 creatures vanquished

Notes
Turn   | Place    | Note
-------+----------+-------------------------------------------
     0 | D:1      | Zonian the Demonspawn Ice Elementalist began the quest for
                  | the Orb.
     0 | D:1      | Reached XP level 1. HP: 13/13 MP: 3/3
   804 | D:1      | Gained mutation: You are partially covered in sharp spines.
                  | [demonic ancestry]
   804 | D:1      | Reached XP level 2. HP: 19/19 MP: 5/5
  1766 | D:1      | Found a faded altar of an unknown god.
  2009 | D:2      | Reached XP level 3. HP: 24/24 MP: 6/6
  2474 | D:2      | Reached XP level 4. HP: 30/30 MP: 5/8
  2964 | D:3      | Learned a level 3 spell: Frozen Ramparts
  2968 | D:3      | Learned a level 3 spell: Ozocubu's Armour
  3985 | D:4      | Found a broken altar of Ashenzari.
  4005 | D:4      | Noticed an ogre
  5258 | D:4      | Gained mutation: You have a small tail. [demonic ancestry]
  5258 | D:4      | Reached XP level 5. HP: 33/35 MP: 10/10
  5548 | D:4      | Killed an ogre
  5549 | D:4      | Reached skill level 5 in Ice Magic
  6222 | D:5      | Entered Level 5 of the Dungeon
  6500 | D:5      | Reached XP level 6. HP: 38/41 MP: 12/12
  7414 | D:5      | Gained mutation: Spells you cast may paralyse adjacent
                  | enemies. [demonic ancestry]
  7414 | D:5      | Reached XP level 7. HP: 46/46 MP: 14/14
  7502 | D:5      | Reached skill level 5 in Spellcasting
  8251 | D:5      | Found a sacrificial altar of Ru.
  8925 | D:6      | Noticed Menkaure
  8930 | D:6      | Killed Menkaure
  8931 | D:6      | Reached XP level 8. HP: 52/52 MP: 10/17
  9432 | D:6      | Found a staircase to the Ecumenical Temple.
  9442 | Temple   | Entered the Ecumenical Temple
  9984 | Temple   | Became a worshipper of Makhleb the Destroyer
 10077 | Temple   | Reached skill level 1 in Short Blades
 11950 | D:6      | Found a transporter.
 11953 | D:6      | Noticed a kobold demonologist
 11963 | D:6      | Noticed a kobold demonologist
 11971 | D:6      | Found a transporter.
 12589 | D:7      | Got the Secrets of Alluring Hoarfrost
 12606 | D:7      | Reached skill level 1 in Fighting
 12606 | D:7      | Reached skill level 5 in Short Blades
 12737 | D:7      | Identified the +8 long sword "Kengadum" {spect, +Blink
                  | rC+++ Will+ Dex-5}
 12744 | D:7      | Gained mutation: Spells you cast may paralyse nearby
                  | enemies. [demonic ancestry]
 12744 | D:7      | Reached XP level 9. HP: 57/62 MP: 14/18
 13022 | D:7      | Noticed Joseph
 13680 | D:8      | Found Wuepis's Firing Range.
 13861 | D:8      | Reached * piety under Makhleb
 14263 | D:8      | Found a basalt altar of Yredelemnul.
 14520 | D:9      | Noticed a troll
 14539 | D:9      | Killed a troll
 14750 | D:9      | Reached skill level 5 in Fighting
 15048 | D:9      | Found a shimmering blue altar of Sif Muna.
 15146 | D:9      | Paralysed by a hornet for 2 turns
 15655 | D:9      | Noticed a deep elf pyromancer
 15658 | D:9      | Noticed a five-headed hydra
 16188 | D:9      | Noticed a two-headed ogre
 16192 | D:9      | Killed a deep elf pyromancer
 16193 | D:9      | Reached XP level 10. HP: 55/77 MP: 15/19
 16697 | D:9      | Noticed a boulder beetle
 16722 | D:9      | Noticed a cyclops
 16734 | D:9      | Killed a boulder beetle
 16764 | D:9      | Killed a cyclops
 17056 | D:9      | Killed a two-headed ogre
 17713 | D:9      | Noticed a deep elf pyromancer
 18531 | D:9      | Killed a five-headed hydra
 18532 | D:9      | Reached skill level 10 in Short Blades
 18532 | D:9      | Reached XP level 11. HP: 86/86 MP: 13/20
 18675 | D:9      | Killed a deep elf pyromancer
 18676 | D:9      | Reached skill level 2 in Invocations
 18803 | D:9      | Reached skill level 3 in Invocations
 19154 | D:9      | Reached skill level 4 in Invocations
 19188 | D:10     | Entered Level 10 of the Dungeon
 19286 | D:10     | Reached skill level 5 in Invocations
 19914 | D:10     | Reached skill level 6 in Invocations
 20044 | D:10     | Found an ancient bone altar of Kikubaaqudgha.
 20257 | D:10     | Reached ** piety under Makhleb
 20320 | D:10     | Identified the +5 scale mail "Lietranu" {rPois Int+5}
 20376 | D:10     | You fall into a shaft and drop 1 floor!
 20390 | D:11     | Found a staircase to the Orcish Mines.
 20627 | D:10     | Reached skill level 7 in Invocations
 20911 | D:11     | Noticed an oklob plant
 21065 | D:11     | Found a staircase to the Lair.
 21076 | D:11     | Killed an oklob plant
 21077 | D:11     | Reached skill level 8 in Invocations
 21077 | D:11     | Reached skill level 1 in Necromancy
 21082 | D:11     | Learned a level 4 spell: Animate Dead
 21273 | Lair:1   | Entered Level 1 of the Lair of Beasts
 22005 | Lair:1   | Reached skill level 9 in Invocations
 22551 | Lair:1   | Reached skill level 10 in Invocations
 22922 | Lair:2   | Reached skill level 11 in Invocations
 23056 | Lair:2   | Noticed a death yak
 23057 | Lair:2   | Noticed a death yak
 23057 | Lair:2   | Noticed a death yak
 23058 | Lair:2   | Found a staircase to the Shoals.
 23058 | Lair:2   | Noticed a death yak
 23241 | Lair:2   | Noticed a death yak
 23277 | Lair:2   | Killed a death yak
 23278 | Lair:2   | Reached XP level 12. HP: 43/92 MP: 11/21
 23489 | Lair:2   | You fall into a shaft and drop 2 floors!
 23515 | Lair:4   | Noticed a death yak
 23515 | Lair:4   | Noticed a death yak
 23516 | Lair:4   | Noticed a death yak
 23516 | Lair:4   | Noticed a death yak
 23534 | Lair:4   | Noticed a death yak
 23543 | Lair:4   | Killed a death yak
 23544 | Lair:4   | Reached skill level 12 in Invocations
 23563 | Lair:4   | Killed a death yak
 23575 | Lair:4   | Killed a death yak
 23600 | Lair:4   | Killed a death yak
 23607 | Lair:4   | Killed a death yak
 23985 | Lair:4   | Reached skill level 10 in Fighting
 24220 | Lair:4   | Noticed a seven-headed hydra
 24251 | Lair:4   | Killed a seven-headed hydra
 24266 | Lair:4   | Noticed Urug
 24329 | Lair:4   | Reached *** piety under Makhleb
 24352 | Lair:4   | Killed Urug
 24733 | Lair:4   | Found the +4 robe of Folly {Brilliance Will-∞ Int+8}
 24789 | Lair:2   | Reached skill level 5 in Necromancy
 25072 | Lair:2   | Killed a death yak
 25418 | Lair:2   | Found a hole to the Spider Nest.
 25508 | Lair:2   | Killed a death yak
 25531 | Lair:2   | Killed a death yak
 25535 | Lair:2   | Killed a death yak
 25536 | Lair:2   | Gained mutation: You are partially covered in molten
                  | scales. (AC +2) [demonic ancestry]
 25536 | Lair:2   | Reached XP level 13. HP: 108/108 MP: 14/22
 28065 | Lair:4   | Reached skill level 10 in Necromancy
 28322 | Lair:5   | Entered Level 5 of the Lair of Beasts
 28812 | Lair:5   | Reached **** piety under Makhleb
 29302 | Lair:5   | Found a stormy altar of Qazlal.
 29731 | Lair:5   | Reached skill level 13 in Invocations
 29965 | Lair:5   | Reached skill level 14 in Invocations
 30444 | Lair:5   | Noticed a quicksilver ooze
 30820 | Lair:5   | Gained mutation: You have a tail ending in a sharp stinger.
                  | [demonic ancestry]
 30820 | Lair:5   | Reached XP level 14. HP: 105/115 MP: 20/24
 31071 | Lair:5   | Reached skill level 15 in Invocations
 31325 | Lair:5   | Killed a quicksilver ooze
 31348 | Lair:5   | Reached ***** piety under Makhleb
 32661 | Lair:5   | Found a runed translucent door.
 33892 | Lair:5   | Found a staircase to the Slime Pits.
 33892 | Lair:5   | Found a viscous altar of Jiyva.
 35086 | Lair:5   | Learned a level 5 spell: Borgnjor's Vile Clutch
 35365 | D:11     | Reached skill level 1 in Earth Magic
 36466 | D:12     | Found Fufar's Armour Emporium.
 37849 | D:13     | Found a gate to the Vaults.
 38306 | D:13     | Noticed Jorgrun
 38445 | D:13     | Noticed Lodul
 38781 | D:13     | Killed Lodul
 38789 | D:13     | HP: 3/115 [Jorgrun/+0 vorpal quarterstaff (6)]
 38791 | D:13     | Hit by a large rock thrown by a cyclops

Illustrated notes

Levels and vault maps discovered:
D:1:      spicycebolla_arrival_xxxplode, layout_loops_ring,
          shapermc_ecumenical_altar_flowoftime
D:2:      layout_basic
D:3:      layout_basic, saegor_snake_ambush
D:4:      layout_rooms, nicolae_ashenzari_skybound, nrook_mini_backslash
D:5:      layout_gridville, mainiacjoe_overflow_alcove_2, grunt_ministairs_8,
          kb_lookout_dungeons_type, abandoned_shop, kennysheep_potato
D:6:      gammafunk_wand_slinger, layout_basic, minmay_temple_entry_water_ring,
          uniq_menkaure
D:7:      layout_gridville, kennysheep_decorative_pillar, uniq_joseph
D:8:      layout_loops_ring, lemuel_tele_altar, minivault_27,
          minmay_misc_feat_tiny, nrook_uturn, nicolae_shop_firing_range
D:9:      minmay_the_grid_octo_triangle [minmay_the_grid_octo_tetromino_candy,
          minmay_the_grid_octo_prize_star, minmay_the_grid_octo_toaster],
          layout_cave_pods, nicolae_sif_muna_condensation, minmay_radiant
D:10:     layout_irregular_city, kennysheep_mini
D:11:     layout_stronghold, dpeg_oklobed_lair, orc_0_dummy, zin_treasury
D:12:     layout_gridville, serial_shops, shop, portal_ice_cave_demonic_guard
D:13:     layout_cross, erik_vaults_1, uniq_jorgrun, uniq_lodul
Temple:   minmay_crystal_spiral_temple
Lair:1:   layout_roguey, serial_bayou_shore_b
Lair:2:   layout_misc_corridors, minmay_shoals_entry_centaurs,
          spider_nest_entry_web_field, infiniplex_staircase_pool
Lair:3:   layout_cellular_growth, chequers_serial_rivers_room_b
Lair:4:   cheibrodos_lair_river_kwai, layout_hall_layers,
          dreamdust_deal_with_the_devil, grunt_megastairs_1, uniq_urug
Lair:5:   wormcave, layout_cave_shapes, hangedman_lair_tendril_chambers,
          slime_entry_1, basic_altar, nicolae_lair_time_for_slime

Skill      XL: |  1  2  3  4  5  6  7  8  9 10 11 12 13 14 |
---------------+-------------------------------------------+-----
Stealth        | 2 |  2.3
Dodging        | 2 |  2.2
Ice Magic      | 4 5 7 |  7.1
Spellcasting   | 3 4 6 |  6.3
Short Blades   | 5 8 10 12 | 12.7
Fighting       | 2 6 8 12 | 12.0
Shields        | 4 |  4.0
Invocations    | 11 12 14 15 | 15.0
Necromancy     | 4 7 12 | 12.0
Earth Magic    | 4 |  4.4

Action                   |  1- 3 |  4- 6 |  7- 9 | 10-12 | 13-15 || total
-------------------------+-------+-------+-------+-------+-------++-------
Melee: Unarmed           |     4 |       |       |       |       ||     4
       Short sword       |    56 |    86 |   152 |       |       ||   294
       Tailslap          |       |     5 |    41 |    98 |   207 ||   351
       Punch             |       |     1 |     8 |       |       ||     9
       Rapier            |       |       |    57 |   503 |   872 ||  1432
Throw: Dart              |       |     5 |    11 |    14 |       ||    30
       Throwing net      |       |       |     1 |       |       ||     1
 Cast: Freeze            |    29 |    16 |     9 |     2 |       ||    56
       Frozen Ramparts   |       |     3 |    25 |    49 |    52 ||   129
       Ozocubu's Armour  |       |       |     4 |    16 |    23 ||    43
       Animate Dead      |       |       |       |       |     5 ||     5
Invok: Lesser Servant of |       |       |       |     1 |     2 ||     3
Evoke: Wand              |       |       |    12 |     7 |     7 ||    26
       Phantom mirror    |       |       |       |     1 |     1 ||     2
  Use: Scroll            |       |    10 |     8 |    14 |     9 ||    41
       Potion            |       |       |       |     4 |     2 ||     6
 Stab: Sleeping          |     3 |     1 |     5 |     1 |     2 ||    12
       Paralysed         |       |       |    28 |    32 |    34 ||    94
       Distracted        |       |       |     2 |     1 |     1 ||     4
       Held in net/web   |       |       |     2 |       |       ||     2
       Invisible         |       |       |       |     1 |       ||     1
Armor: Robe              |    10 |    19 |    33 |    11 |       ||    73
       Leather armour    |       |       |       |    67 |   226 ||   293
Dodge: Dodged            |    51 |    69 |    95 |   110 |   245 ||   570
Block: Other             |       |     9 |    41 |     3 |       ||    53
       Reflection        |       |       |     4 |     8 |     2 ||    14
       Buckler           |       |       |       |   133 |   379 ||   512
